 Dungeon Crawl Stone Soup version 0.19.5 (webtiles) character file.

2632 empire the Skirmisher (level 9, -3/177 HPs)
             Began as a White Draconian Monk on Mar 6, 2017.
             Was a Priest of Nemelex Xobeh.
             Slain by a wolf (7 damage)
             ... led by Grum
             ... on level 8 of the Dungeon on Mar 7, 2017.
             The game lasted 00:17:46 (8936 turns).

empire the Skirmisher (White Draconian Monk)        Turns: 8936, Time: 00:17:48

Health: -3/177     AC: 24    Str: 16 (18) XL:     9   Next: 35%
Magic:  11/13      EV:  2    Int: 10 (11) God:    Nemelex Xobeh [***...]
Gold:   467        SH:  0    Dex: 19 (22) Spells: 0 memorised, 8 levels left

rFire  . . .     SeeInvis .     a - +1 falchion
rCold  . . .     Gourm    .     (armour unavailable)
rNeg   + + +     Faith    .     (no shield)
rPois  +         Spirit   .     (helmet currently unavailable)
rElec  .         Reflect  .     (cloak currently unavailable)
rCorr  .         Harm     .     (gloves currently unavailable)
MR     .....     NoTele   +     (boots currently unavailable)
Stlth  ..........               (no amulet)
                                n - ring of poison resistance
                                i - ring of stealth

@: agile, berserking, short of breath, tree-form, very quick
A: (breathe frost), unfitting armour, (talons 0), (cold resistance 0), wild
magic 1, no device heal 1, (cold-blooded), AC +7
a: Triple Draw, Renounce Religion


You were on level 8 of the Dungeon.
You worshipped Nemelex Xobeh.
Nemelex Xobeh was most pleased with you.
You were not hungry.
You were a tree.
You visited 2 branches of the dungeon, and saw 9 of its levels.

You collected 467 gold pieces.

Inventory:

Hand Weapons
 a - a +1 falchion (weapon)
 b - a +1 trident of freezing
 q - a +2 quarterstaff of chaos
Armour
 u - a +0 cloak (melded)
 A - a +0 pair of gloves (melded)
Jewellery
 h - an uncursed ring of ice
 i - a ring of stealth (left branch)
 j - an uncursed ring of poison resistance
 n - a ring of poison resistance (right branch)
 C - an uncursed ring of stealth
Scrolls
 f - 2 scrolls of enchant weapon
 g - 2 scrolls of fear
 k - 3 scrolls of remove curse
 l - a scroll of amnesia
 z - a scroll of random uselessness {unknown}
 B - 2 scrolls of teleportation
 D - 4 scrolls of identify
 E - a scroll of magic mapping {unknown}
 H - a scroll of blinking
Potions
 c - a potion of flight
 d - a potion of magic
 v - a potion of brilliance
Miscellaneous
 e - a plain deck of summoning
 t - a plain deck of destruction {drawn: 2}
 w - a plain deck of escape
 y - a plain deck of summoning {drawn: 1}
 G - a plain deck of destruction
 J - an ornate deck of destruction
Comestibles
 m - 5 meat rations
 F - 10 bread rations
 I - 6 chunks of flesh


   Skills:
 + Level 7.5 Fighting
 + Level 7.2 Long Blades
 + Level 6.0 Dodging
 + Level 4.8 Stealth
 + Level 5.4 Invocations


You had 8 spell levels left.
You didn't know any spells.

Dungeon Overview and Level Annotations

Branches:
Dungeon (8/15)             Temple (1/1) D:4
   Lair: D:8-11

Altars:
Ashenzari
Cheibriados
Dithmenos
Elyvilon
Fedhas
Gozag
Hepliaklqana
Kikubaaqudgha
Makhleb
Nemelex Xobeh
Okawaru
Qazlal
Ru
Sif Muna
Trog
Uskayaw
Vehumet
Xom
Yredelemnul
The Shining One


Innate Abilities, Weirdness & Mutations

((You can breathe waves of freezing cold.))
((You can buffet flying creatures when you breathe cold.))
((Your icy white scales are hard. (AC +7)))
You cannot fit into any form of body armour.
((Your flesh is cold resistant. (rC+)))
((You are cold-blooded and may be slowed by cold attacks.))
((You have razor-sharp toenails.))
Your spells are a little harder to cast, but a little more powerful.
Potions and wands are less effective at restoring your health.


Message History

The wolf bites you but does no damage. x2
You barely miss Grum.
Grum is almost dead.
The wolf bites you but does no damage. Grum hits you but does no damage.
The wolf bites you.
* * * LOW HITPOINT WARNING * * *
You slash Grum!
You kill Grum!
Your Dodging skill increases to level 6!
The wolf barely misses you. The wolf bites you but does no damage.
You cannot move.
Unknown command.
You closely miss the wolf.
The wolf is severely wounded.
The wolf bites you but does no damage. x3
You closely miss the wolf.
The wolf is severely wounded.
The wolf bites you!
You die...
Your body glows slightly and disappears.

######
####....##
#....h)..#
#.....♣h.#
#.......##
#.......#
##.....##
##....#
#..####
##.##
##...#
#....##


You could see 2 wolves.

Vanquished Creatures
  A hippogriff (D:8)
  Grum (D:8)
  An orc warrior (D:7)
  An ice beast (D:7)
  2 sky beasts (D:5)
  A black bear (D:6)
  A necrophage (D:6)
  2 centaurs (D:6)
  4 ogres
  A scorpion (D:8)
  2 crimson imps
  A centaur zombie (D:5)
  4 hounds
  Crazy Yiuf (D:3)
  A gnoll shaman (D:6)
  4 orc priests
  Terence (D:3)
  2 centaur skeletons
  2 jellies
  A bullfrog skeleton (D:6)
  Jessica (D:3)
  An iguana (D:4)
  Ijyb (D:2)
  2 orc wizards
  3 worker ants
  A worker ant zombie (D:5)
  7 gnolls
  14 adders
  2 shadow imps
  An adder skeleton (D:4)
  A worm (D:3)
  2 dart slugs
  6 leopard geckos
  24 orcs
  4 giant cockroaches
  6 goblins
  6 hobgoblins
  2 jackals (D:6)
  4 quokkas
  6 bats
  5 frilled lizards
  A jackal skeleton (D:5)
  10 kobolds
  A quokka skeleton (D:5)
  8 rats
153 creatures vanquished.

Vanquished Creatures (collateral kills)
  Edmund (D:4)
1 creature vanquished.

Vanquished Creatures (others)
  An orc wizard (D:5)
1 creature vanquished.

Grand Total: 155 creatures vanquished

Notes
Turn   | Place    | Note
-------+----------+-------------------------------------------
     0 | D:1      | empire the Draconian Monk began the quest for the Orb.
     0 | D:1      | Reached XP level 1. HP: 19/19 MP: 1/1
   329 | D:1      | Reached XP level 2. HP: 24/26 MP: 2/2
   914 | D:2      | Reached XP level 3. HP: 19/33 MP: 3/3
  1248 | D:2      | Found a blossoming altar of Fedhas.
  1249 | D:2      | Noticed Ijyb
  1259 | D:2      | Killed Ijyb
  1259 | D:2      | Reached XP level 4. HP: 38/40 MP: 4/4
  1791 | D:2      | Found a burning altar of Makhleb.
  2067 | D:3      | Noticed Jessica
  2074 | D:3      | Killed Jessica
  2074 | D:3      | Reached XP level 5. HP: 38/47 MP: 5/5
  2281 | D:3      | Noticed Terence
  2296 | D:3      | Killed Terence
  2627 | D:3      | Found a runed door.
  2631 | D:3      | Noticed Crazy Yiuf
  2646 | D:3      | Killed Crazy Yiuf
  2646 | D:3      | Reached skill level 5 in Fighting
  3351 | D:4      | Reached XP level 6. HP: 48/56 MP: 6/6
  3646 | D:4      | Reached skill level 5 in Long Blades
  3785 | D:4      | Found a staircase to the Ecumenical Temple.
  3797 | Temple   | Entered the Ecumenical Temple
  3992 | Temple   | Became a worshipper of Nemelex Xobeh the Trickster
  3992 | Temple   | Received a gift from Nemelex Xobeh
  3992 | Temple   | Reached * piety under Nemelex Xobeh
  3992 | Temple   | Received a gift from Nemelex Xobeh
  3992 | Temple   | Received a gift from Nemelex Xobeh
  3992 | Temple   | Reached ** piety under Nemelex Xobeh
  4180 | D:4      | Noticed Edmund
  4208 | D:4      | Killed Edmund
  4208 | D:4      | Reached skill level 1 in Invocations
  4552 | D:5      | Entered Level 5 of the Dungeon
  4572 | D:5      | Your scales start taking on an icy white colour.
  4572 | D:5      | Reached XP level 7. HP: 37/62 MP: 6/8
  4572 | D:5      | Gained mutation: Your flesh is cold resistant. (rC+) [White Draconian growth]
  4617 | D:5      | Found a shadowy altar of Dithmenos.
  4951 | D:5      | Gained mutation: You have sharp toenails. [mutagenic meat]
  4952 | D:5      | Gained mutation: Your spells are a little harder to cast, but a little more powerful. [mutagenic meat]
  4953 | D:5      | Gained mutation: You expend magic power (3 MP) to strengthen your wands. [mutagenic meat]
  4955 | D:5      | Gained mutation: Potions and wands are less effective at restoring your health. [mutagenic meat]
  4956 | D:5      | Gained mutation: You are agile. (Dex +2) [mutagenic meat]
  5437 | D:5      | Received a gift from Nemelex Xobeh
  5707 | D:5      | Reached XP level 8. HP: 33/70 MP: 10/10
  5712 | D:5      | Lost mutation: You expend magic power (3 MP) to strengthen your wands. [mutagenic meat]
  5713 | D:5      | Gained mutation: You have razor-sharp toenails. [mutagenic meat]
  5714 | D:5      | Lost mutation: Your spells are a little harder to cast, but a little more powerful. [mutagenic meat]
  5715 | D:5      | Gained mutation: Your magical capacity is low. (-10% MP) [mutagenic meat]
  5716 | D:5      | Gained mutation: Potions and wands are poor at restoring your health. [mutagenic meat]
  5717 | D:5      | Gained mutation: Your spells are a little harder to cast, but a little more powerful. [mutagenic meat]
  6139 | D:5      | Reached skill level 5 in Dodging
  7562 | D:6      | Received a gift from Nemelex Xobeh
  7879 | D:7      | Reached *** piety under Nemelex Xobeh
  7990 | D:7      | Reached XP level 9. HP: 66/79 MP: 11/11
  8050 | D:7      | Reached skill level 5 in Invocations
  8216 | D:7      | Received a gift from Nemelex Xobeh
  8912 | D:8      | Noticed Grum
  8929 | D:8      | Lost mutation: Your magical capacity is low. (-10% MP) [potion of cure mutation]
  8929 | D:8      | Lost mutation: You are agile. (Dex +2) [potion of cure mutation]
  8929 | D:8      | Lost mutation: Potions and wands are poor at restoring your health. [potion of cure mutation]
  8930 | D:8      | HP: 7/177 [wolf[Grum] (5)]
  8933 | D:8      | HP: 3/177 [wolf[Grum] (5)]
  8934 | D:8      | Killed Grum
  8936 | D:8      | Slain by a wolf

Skill      XL: |  1  2  3  4  5  6  7  8  9 |
---------------+----------------------------+-----
Dodging        | 3 4 5 6 |  6.0
Fighting       | 4 5 6 7 |  7.5
Long Blades    | 4 5 6 7 |  7.2
Stealth        | 2 3 4 |  4.8
Invocations    | 1 2 4 5 |  5.4

Action                   |  1- 3 |  4- 6 |  7- 9 || total
-------------------------+-------+-------+-------++-------
Melee: Falchion          |    71 |   215 |   382 ||   668
       Tailslap          |     9 |    37 |    97 ||   143
       Kick              |       |       |   143 ||   143
 Abil: Breathe Frost     |       |       |     7 ||     7
Evoke: Deck              |       |     3 |       ||     3
  Use: Scroll            |       |    15 |     1 ||    16
       Potion            |       |     4 |    11 ||    15
 Stab: Invisible         |       |     3 |       ||     3
       Sleeping          |       |     4 |     6 ||    10
       Distracted        |       |     1 |       ||     1
  Eat: Chunk             |     1 |     8 |    25 ||    34
       Beef jerky        |       |     1 |       ||     1
       Pizza             |       |       |     1 ||     1
       Meat ration       |       |       |     1 ||     1
Armor: Skin              |    13 |    74 |   135 ||   222
Dodge: Dodged            |    49 |   193 |   298 ||   540
       Rpst.: Falchion   |    20 |    60 |    92 ||   172
